[Event "Titled Tuesday Blitz June 14 Early 2022"]
[White "Daneshvar, Bardiya"]
[Black "Tica, Sven"]
[WhiteFideId "12576468"]
[BlackFideId "14526948"]
[WhiteElo "2303"]
[BlackElo "2346"]
[Result "1-0"]
[Round "02"]
[TimeControl "180+1"]
[Date "2022.06.14"]
[WhiteClock "0:00:41"]
[BlackClock "0:00:18"]

1. b3 c5 2. Bb2 Nc6 3. e3 d6 4. Nf3 e5 5. c4 Nge7 6. d4 Bg4 7. d5 Nb8 8. Nc3 a6 9. h3 Bh5 10. g4 Bg6 11. Nh4 Nd7 12. Nxg6 Nxg6 13. Bd3 Be7 14. a4 Qa5 15. Kd2 Nf6 16. Kc2 Nh4 17. g5 Nd7 18. Qg4 Ng6 19. h4 O-O-O 20. h5 Nf8 21. Ne4 Kb8 22. Qf5 f6 23. g6 h6 24. Bc3 Qc7 25. Ng3 Ka7 26. a5 Nb8 27. Qe4 Rc8 28. Nf5 Bd8 29. Kd2 Rg8 30. Ke2 Nfd7 31. Kf3 Nf8 32. Kg2 Qd7 33. Be2 Bc7 34. Rhb1 Ka8 35. Bg4 Qd8 36. Qc2 Qe8 37. Rb2 Nxg6 38. hxg6 Qxg6 39. Kf3 h5 40. Bh3 Rce8 41. Qe4 Qf7 42. Ke2 Rgf8 43. Rg1 g5 44. b4 g4 45. Bg2 Nd7 46. b5 Rb8 47. b6 Bd8 48. Nxd6 Qg7 49. Qf5 Qe7 50. Qe6 Qh7 51. Be4 Qg7 52. Ne8 Rxe8 53. Qxe8 Bxb6 54. Qg6 Qxg6 55. Bxg6 Bc7 56. Bf5 1-0


[Site "https://www.chess.com"]

[Event "Titled Tuesday Blitz June 14 Early 2022"]
[White "Djokic, Mihailo"]
[Black "Deac, Bogdan-Daniel"]
[WhiteFideId "976440"]
[BlackFideId "1226380"]
[WhiteElo "2255"]
[BlackElo "2648"]
[Result "1-0"]
[Round "02"]
[TimeControl "180+1"]
[Date "2022.06.14"]
[WhiteClock "0:01:06"]
[BlackClock "0:00:05"]

1. e4 c5 2. Nf3 Nc6 3. d4 cxd4 4. Nxd4 Nf6 5. Nc3 e5 6. Ndb5 d6 7. Bg5 a6 8. Bxf6 gxf6 9. Na3 b5 10. Nd5 f5 11. exf5 Bxf5 12. c3 Bg7 13. Nc2 O-O 14. Nce3 Bg6 15. Bd3 f5 16. Bc2 Kh8 17. h4 f4 18. Bxg6 fxe3 19. Qh5 exf2+ 20. Kf1 h6 21. Be4 Qe8 22. Qxe8 Raxe8 23. Rd1 Nd8 24. Nc7 Re7 25. Nxa6 Ne6 26. Rxd6 Rf4 27. Bd5 Nf8 28. g3 Rf5 29. Be4 Rff7 30. Rh2 Nd7 31. Rxf2 Rxf2+ 32. Kxf2 Kg8 33. Nc7 Nf6 34. Bd5+ Kh7 35. Nxb5 e4 36. Bc4 Ng4+ 37. Ke2 Be5 38. Re6 Rd7 39. Nd4 Bxd4 40. Rxe4 Ne5 41. Be6 Rb7 42. Bb3 Bxc3 43. bxc3 Nc6 44. Re6 Na5 45. Bc2+ Kg7 46. Rg6+ Kf7 47. Rxh6 Rb2 48. Kd3 Rxa2 49. Ra6 1-0


[Site "https://www.chess.com"]

[Event "Titled Tuesday Blitz June 14 Early 2022"]
[White "Dubov, Daniil"]
[Black "Preotu, Razvan"]
[WhiteFideId "24126055"]
[BlackFideId "2613280"]
[WhiteElo "2791"]
[BlackElo "2407"]
[Result "1-0"]
[Round "02"]
[TimeControl "180+1"]
[Date "2022.06.14"]
[WhiteClock "0:01:23"]
[BlackClock "0:00:28"]

1. c4 c5 2. Nf3 Nc6 3. d4 cxd4 4. Nxd4 Nf6 5. Nc3 e6 6. g3 Qb6 7. Nb3 Ne5 8. Bg2 Nxc4 9. O-O Bb4 10. Bg5 d5 11. Bxf6 gxf6 12. Bxd5 Bxc3 13. Bxc4 Be5 14. Nd2 f5 15. e4 f4 16. Qh5 Bg7 17. Bb5+ Kf8 18. Nf3 fxg3 19. Ng5 gxh2+ 20. Kh1 Qc7 21. Rad1 Qf4 22. Rd3 Bf6 23. Qxf7# 1-0


[Site "https://www.chess.com"]

[Event "Titled Tuesday Blitz June 14 Early 2022"]
[White "Fedoseev, Vladimir"]
[Black "Mindlin, Alon"]
[WhiteFideId "24130737"]
[BlackFideId "2800071"]
[WhiteElo "2726"]
[BlackElo "2390"]
[Result "1-0"]
[Round "02"]
[TimeControl "180+1"]
[Date "2022.06.14"]
[WhiteClock "0:00:28"]
[BlackClock "0:00:14"]

1. e4 e5 2. Nf3 Nc6 3. Bb5 a6 4. Bxc6 dxc6 5. O-O f6 6. d4 Bg4 7. dxe5 Qxd1 8. Rxd1 fxe5 9. Rd3 Bd6 10. Bg5 Nf6 11. Nbd2 O-O 12. Re1 Be6 13. Bxf6 Rxf6 14. Ng5 Bd7 15. Nc4 Raf8 16. Nf3 Bc8 17. Rd2 Re8 18. Red1 Bg4 19. Nxd6 cxd6 20. Rxd6 Bxf3 21. gxf3 Rxf3 22. Rd7 Rf7 23. Kg2 g6 24. Kg3 Kg7 25. R1d6 Rf8 26. Rxf7+ Rxf7 27. Re6 Rd7 28. Rxe5 Kf6 29. Rc5 g5 30. f3 Rd1 31. h4 h6 32. hxg5+ hxg5 33. a4 Rd2 34. a5 Kg6 35. b4 Kf6 36. c3 Rc2 37. f4 gxf4+ 38. Kxf4 Ke6 39. Ke3 Kd6 40. Kd3 Rh2 41. Rg5 Rh6 42. Rg7 c5 43. Rxb7 Rh3+ 44. Kc4 Re3 45. Rb6+ Kc7 46. Kxc5 Rxc3+ 47. Kd4 Rb3 48. e5 Kd7 49. Kc4 Re3 50. e6+ Kc7 51. Rxa6 Re4+ 52. Kb5 Kb7 53. Rb6+ Ka7 54. Rd6 Kb7 55. a6+ Ka7 56. Rd7+ 1-0


[Site "https://www.chess.com"]

[Event "Titled Tuesday Blitz June 14 Early 2022"]
[White "Gubajdullin, Alexei"]
[Black "Zierk, Steven"]
[WhiteFideId "4141202"]
[BlackFideId "2034255"]
[WhiteElo "2280"]
[BlackElo "2494"]
[Result "0-1"]
[Round "02"]
[TimeControl "180+1"]
[Date "2022.06.14"]
[WhiteClock "0:00:05"]
[BlackClock "0:00:08"]

1. c4 Nf6 2. Nc3 g6 3. Nf3 Bg7 4. g3 O-O 5. Bg2 c5 6. O-O d6 7. d4 Nc6 8. d5 Na5 9. Nd2 a6 10. Qc2 Rb8 11. b3 b5 12. Rb1 e6 13. dxe6 Bxe6 14. cxb5 axb5 15. Nde4 Bf5 16. Bg5 h6 17. Bxf6 Bxf6 18. Nxf6+ Qxf6 19. e4 Bg4 20. Nd5 Qd8 21. Qc3 f6 22. Nf4 g5 23. Nd5 Nc6 24. Ne3 Nd4 25. Kh1 b4 26. Qd2 Be6 27. f4 Ra8 28. Rf2 Ra7 29. Rbf1 Kg7 30. Qb2 Raf7 31. Nc2 Nxc2 32. Qxc2 f5 33. e5 gxf4 34. gxf4 dxe5 35. Qxc5 e4 36. Qxb4 Kh7 37. Rd2 Qh4 38. Qb6 Bc8 39. Rc2 Rg7 40. Rfc1 Rfg8 41. Qe3 Ba6 42. Rf2 Bd3 43. a4 Rb8 44. Rb2 Qf6 45. Rf2 Rxb3 46. a5 Ra3 47. Qc5 Ra4 48. Bh3 e3 49. Qxe3 Be4+ 50. Rf3 Bxf3+ 51. Qxf3 Rxa5 52. Re1 Re7 53. Rf1 Kh8 54. Qd3 Ra1 55. Qd8+ Kg7 56. Qd2 Rxf1+ 57. Bxf1 Qc6+ 58. Bg2 Qe6 59. Qd3 Qe1+ 60. Bf1 Qe4+ 61. Qxe4 Rxe4 62. Kg2 Rxf4 63. Bd3 Kf6 64. Kg3 Kg5 65. h4+ Rxh4 66. Bxf5 Ra4 67. Bh3 Ra3+ 68. Kh2 Kh4 69. Bg2 Ra2 70. Kg1 Kg3 71. Bf1 Ra1 0-1


[Site "https://www.chess.com"]

[Event "Titled Tuesday Blitz June 14 Early 2022"]
[White "Hua, Lefong"]
[Black "Sanal, Vahap"]
[WhiteFideId "2602253"]
[BlackFideId "6300545"]
[WhiteElo "2635"]
[BlackElo "2574"]
[Result "0-1"]
[Round "02"]
[TimeControl "180+1"]
[Date "2022.06.14"]
[WhiteClock "0:00:06"]
[BlackClock "0:01:07"]

1. d4 d6 2. e4 Nf6 3. f3 e6 4. c4 c5 5. d5 exd5 6. cxd5 Be7 7. Nc3 O-O 8. Nge2 Ne8 9. Ng3 Bh4 10. Bd3 f5 11. exf5 Bxf5 12. Bxf5 Rxf5 13. O-O Rf8 14. Nge4 Nd7 15. f4 Be7 16. a4 Ndf6 17. Ng5 Nc7 18. f5 Qd7 19. Ne6 Nxe6 20. fxe6 Qe8 21. Qe2 a6 22. a5 Qg6 23. Ra4 h5 24. h3 Rae8 25. Raf4 Bd8 26. Rf5 Bxa5 27. Bg5 Nh7 28. Rxf8+ Nxf8 29. Bd2 b5 30. Bf4 b4 31. Ne4 Nxe6 32. Nxd6 Nxf4 33. Qxe8+ Qxe8 34. Nxe8 Nxd5 35. b3 Bb6 36. Kh1 c4 37. bxc4 Nc3 38. Rf3 Bd4 39. Nd6 b3 40. Rf1 b2 41. Nf5 Bc5 42. Ng3 b1=Q 43. Rxb1 Nxb1 44. Nxh5 a5 45. Nf4 Nd2 46. Nd3 Ne4 0-1


[Site "https://www.chess.com"]

[Event "Titled Tuesday Blitz June 14 Early 2022"]
[White "Korchmar, Vasiliy"]
[Black "Andreikin, Dmitry"]
[WhiteFideId "24131750"]
[BlackFideId "4158814"]
[WhiteElo "2370"]
[BlackElo "2736"]
[Result "0-1"]
[Round "02"]
[TimeControl "180+1"]
[Date "2022.06.14"]
[WhiteClock "0:00:03"]
[BlackClock "0:01:41"]

1. e4 c5 2. Nf3 e6 3. g3 Nc6 4. Bg2 Nf6 5. Qe2 Be7 6. O-O O-O 7. Rd1 d5 8. d3 b5 9. Nbd2 b4 10. Nf1 a5 11. e5 Nd7 12. h4 a4 13. h5 Ba6 14. Bf4 Qb6 15. N1h2 Rfc8 16. Ng4 Qd8 17. Qe3 Nd4 18. Rac1 b3 19. axb3 axb3 20. c3 Nf5 21. Qd2 Bb5 22. h6 g6 23. Ra1 Ra2 24. Rxa2 bxa2 25. Ra1 c4 26. Rxa2 cxd3 27. Bg5 Bxg5 28. Nxg5 Ra8 29. Rxa8 Qxa8 30. Bf1 Qa1 31. Kh2 Qxf1 32. b3 Qe2 33. Qc1 Qxg4 0-1


[Site "https://www.chess.com"]

[Event "Titled Tuesday Blitz June 14 Early 2022"]
[White "Kosakowski, Jakub"]
[Black "Tatarinov, Dmitry"]
[WhiteFideId "1185080"]
[BlackFideId "24160067"]
[WhiteElo "2476"]
[BlackElo "2302"]
[Result "1-0"]
[Round "02"]
[TimeControl "180+1"]
[Date "2022.06.14"]
[WhiteClock "0:00:05"]
[BlackClock "0:00:03"]

1. e4 c6 2. d4 d5 3. e5 Bf5 4. Nf3 e6 5. Be2 Ne7 6. O-O Nd7 7. Nbd2 Ng6 8. Nb3 f6 9. Bd3 Bxd3 10. Qxd3 fxe5 11. Nxe5 Ndxe5 12. dxe5 Nxe5 13. Qe2 Qf6 14. Be3 Nc4 15. Bd4 Qf7 16. Rae1 Bd6 17. Qxe6+ Qxe6 18. Rxe6+ Kf7 19. Rfe1 Rhd8 20. Nc5 Rab8 21. b3 Na3 22. R6e2 Nb5 23. Ne6 Nxd4 24. Nxd4 g6 25. Ne6 Rd7 26. Ng5+ Kf6 27. h4 h6 28. Re6+ Kg7 29. Nf3 Rf8 30. Nd4 Bc5 31. c3 Bxd4 32. cxd4 Rf4 33. g3 Rxd4 34. Re7+ Rxe7 35. Rxe7+ Kf6 36. Rxb7 Rd2 37. Rxa7 Rc2 38. a4 Rc3 39. Rb7 d4 40. a5 d3 41. Kg2 Ke6 42. a6 d2 43. a7 d1=Q 44. a8=Q Qf3+ 45. Kh3 Qh1+ 46. Kg4 Qd1+ 47. Kh3 Qh1+ 48. Kg4 h5+ 49. Kg5 Qd5+ 50. Kh6 Qd2+ 51. f4 Kf5 52. Qc8+ Ke4 53. Re7+ Kf3 54. Qh3 Rxb3 55. g4+ Kxf4 56. Qxb3 Kxg4+ 57. Kg7 Qd4+ 58. Kh7 Kxh4 59. Qf3 g5 60. Re4+ g4 61. Rxd4 1-0


[Site "https://www.chess.com"]

[Event "Titled Tuesday Blitz June 14 Early 2022"]
[White "Kowalczyk, Pawel"]
[Black "Xiong, Jeffery"]
[WhiteFideId "1130641"]
[BlackFideId "2047640"]
[WhiteElo "2344"]
[BlackElo "2714"]
[Result "0-1"]
[Round "02"]
[TimeControl "180+1"]
[Date "2022.06.14"]
[WhiteClock "0:00:17"]
[BlackClock "0:01:10"]

1. e4 c5 2. Ne2 Nc6 3. g3 g6 4. c3 d5 5. Bg2 dxe4 6. Bxe4 Nf6 7. Bg2 Bf5 8. d4 cxd4 9. cxd4 Bg7 10. d5 Ne5 11. O-O O-O 12. Nbc3 Rc8 13. Nd4 Bg4 14. Qa4 a6 15. Be3 Nc4 16. Qb3 Qd7 17. Rfe1 Bh3 18. Bh1 Ng4 19. Rad1 Ngxe3 20. fxe3 Bh6 21. Ne4 Kh8 22. Nf2 Bg4 23. Nc6 Bxd1 24. Qxc4 bxc6 25. Rxd1 cxd5 26. Qd3 Qb5 27. Bxd5 Qxd3 28. Rxd3 Rc2 29. b4 Rd8 30. a4 Rxd5 31. Rxd5 Bxe3 0-1


[Site "https://www.chess.com"]

[Event "Titled Tuesday Blitz June 14 Early 2022"]
[White "Kozlov, Gennady"]
[Black "Abdrlauf, Elham"]
[WhiteFideId "4191668"]
[BlackFideId "1533533"]
[WhiteElo "2392"]
[BlackElo "2403"]
[Result "0-1"]
[Round "02"]
[TimeControl "180+1"]
[Date "2022.06.14"]
[WhiteClock "0:01:21"]
[BlackClock "0:00:25"]

1. b3 e5 2. Bb2 Nc6 3. e3 Nf6 4. f4 exf4 5. exf4 d5 6. Nf3 Bd6 7. Be5 O-O 8. Bb5 Ng4 9. Bxc6 bxc6 10. O-O Ba6 11. Re1 Bc5+ 12. d4 Be7 13. f5 Nh6 14. Nfd2 Nxf5 15. Qg4 g6 16. Nf3 Bf6 17. c3 Re8 18. Nbd2 Bg7 19. Qf4 Bh6 20. Qg4 Bc8 21. Bf4 Nxd4 22. Qg3 Bxf4 23. Qxf4 Ne2+ 24. Rxe2 Rxe2 25. Nd4 g5 26. Qf1 Rxd2 27. Nxc6 Qd6 28. Nd4 Rxd4 29. cxd4 Ba6 30. Qc1 h6 31. g3 Re8 0-1


[Site "https://www.chess.com"]

[Event "Titled Tuesday Blitz June 14 Early 2022"]
[White "Lazavik, Denis"]
[Black "Lewtak, Damian"]
[WhiteFideId "13515110"]
[BlackFideId "1141724"]
[WhiteElo "2437"]
[BlackElo "2379"]
[Result "1-0"]
[Round "02"]
[TimeControl "180+1"]
[Date "2022.06.14"]
[WhiteClock "0:00:31"]
[BlackClock "0:00:16"]

1. d4 b6 2. e4 Bb7 3. Bd3 g6 4. Nf3 Bg7 5. O-O e6 6. Re1 Ne7 7. Nbd2 d6 8. a4 a6 9. c3 Nd7 10. Nf1 O-O 11. h4 h6 12. Ng3 e5 13. h5 g5 14. Be3 f6 15. Nh2 Bc8 16. Bc4+ Kh7 17. Be6 Nb8 18. Bg4 Bd7 19. b4 Nbc6 20. d5 Nb8 21. a5 b5 22. Rc1 c6 23. dxc6 Bxc6 24. c4 bxc4 25. Rxc4 Bb5 26. Bb6 Qe8 27. Rc7 d5 28. Bc5 Rf7 29. Be6 Qd8 30. Bb6 Rf8 31. exd5 Qd6 32. Qb1+ Kh8 33. Nf5 Nxf5 34. Qxf5 Be8 35. Rxg7 Kxg7 36. Bc5 Qd8 37. Bxf8+ Kxf8 38. Qh7 Qe7 39. Qg8# 1-0


[Site "https://www.chess.com"]

[Event "Titled Tuesday Blitz June 14 Early 2022"]
[White "Livaic, Leon"]
[Black "Pinheiro, Iung Alicio de O."]
[WhiteFideId "14531534"]
[BlackFideId "2104350"]
[WhiteElo "2540"]
[BlackElo "2283"]
[Result "1-0"]
[Round "02"]
[TimeControl "180+1"]
[Date "2022.06.14"]
[WhiteClock "0:02:49"]
[BlackClock "0:02:01"]

1. d4 Nf6 2. c4 g6 3. Nc3 d5 4. Nf3 Bg7 5. Bg5 dxc4 6. e4 c5 7. d5 b5 8. d6 Bb7 9. e5 Ng4 10. dxe7 Qa5 11. Qd8+ 1-0


[Site "https://www.chess.com"]

[Event "Titled Tuesday Blitz June 14 Early 2022"]
[White "Liyanage, Ranindu Dilshan"]
[Black "Shubin, Kirill"]
[WhiteFideId "9915834"]
[BlackFideId "34119962"]
[WhiteElo "1858"]
[BlackElo "2474"]
[Result "0-1"]
[Round "02"]
[TimeControl "180+1"]
[Date "2022.06.14"]
[WhiteClock "0:00:04"]
[BlackClock "0:00:42"]

1. d4 e6 2. Nc3 d5 3. e4 Bb4 4. exd5 exd5 5. Bd3 Nf6 6. Ne2 O-O 7. h3 h6 8. O-O Re8 9. a3 Bd6 10. Bf4 c6 11. Qd2 Be6 12. Rfe1 Qc7 13. Bxh6 gxh6 14. Qxh6 Qd8 15. Nf4 Bf8 16. Qg5+ Bg7 17. Re3 Ne4 18. Qh5 Qf6 19. Nxe4 dxe4 20. Rxe4 Nd7 21. Rae1 Qh6 22. Qxh6 Bxh6 23. Nxe6 fxe6 24. Rxe6 Rxe6 25. Rxe6 Bf8 26. g4 Rd8 27. Bc4 Kg7 28. c3 c5 29. dxc5 Bxc5 30. Kg2 Nb6 31. Bf1 Nd5 32. Re4 Rf8 33. f3 Ne3+ 34. Kg1 Rxf3 35. Be2 Rxh3 36. b4 Bb6 37. c4 Nxc4+ 38. Kg2 Re3 39. Rxc4 Rxe2+ 40. Kf3 Re3+ 41. Kf4 Rxa3 42. Re4 Rd3 43. Re7+ Kf6 44. Rxb7 Rd4+ 0-1


[Site "https://www.chess.com"]

[Event "Titled Tuesday Blitz June 14 Early 2022"]
[White "Madaminov, Mukhiddin"]
[Black "Grischuk, Alexander"]
[WhiteFideId "14210703"]
[BlackFideId "4126025"]
[WhiteElo "1916"]
[BlackElo "2762"]
[Result "1/2-1/2"]
[Round "02"]
[TimeControl "180+1"]
[Date "2022.06.14"]
[WhiteClock "0:00:17"]
[BlackClock "0:00:04"]

1. d4 Nf6 2. Nc3 d5 3. Bf4 g6 4. h4 Bg7 5. Qd2 h5 6. O-O-O O-O 7. f3 c5 8. dxc5 Nc6 9. Bh6 Qa5 10. Bxg7 Kxg7 11. e3 e5 12. Kb1 Be6 13. Nb5 Qxd2 14. Rxd2 Nd7 15. Nc7 Rad8 16. Nxd5 Nxc5 17. c4 b5 18. e4 f5 19. cxb5 Nd4 20. Ne3 fxe4 21. Bc4 Bf5 22. Nxf5+ gxf5 23. Ne2 e3 24. Rdd1 f4 25. Nc3 Rf6 26. b4 Nb7 27. Ne4 Rg6 28. Ng5 Nd6 29. Bd3 Rf6 30. a4 Nf7 31. Ne4 Rg6 32. Rhg1 Nd6 33. Ng5 Rf6 34. g3 Kh6 35. gxf4 exf4 36. Kb2 Rc8 37. Rc1 Rxc1 38. Rxc1 Nf7 39. Rc4 e2 40. Bxe2 Nxe2 41. Rc6 Kg7 42. Rc7 Nd4 43. Rd7 Nf5 44. Rxa7 Nxh4 45. Rxf7+ Rxf7 46. Nxf7 Nxf3 47. b6 Nd4 48. b5 f3 49. b7 f2 50. b8=Q f1=Q 51. Qe5+ Kxf7 52. Qxd4 Qg2+ 53. Kc3 Qg3+ 54. Qd3 h4 55. b6 Qe1+ 56. Kc4 Qe6+ 57. Kb5 h3 58. Qf3+ Ke7 59. b7 Qe5+ 60. Kb6 h2 61. Ka7 Qd4+ 62. Ka8 Qxa4+ 63. Kb8 Qe8+ 64. Ka7 Qa4+ 65. Kb8 Qe8+ 66. Ka7 Qa4+ 67. Kb8 1/2-1/2


[Site "https://www.chess.com"]

[Event "Titled Tuesday Blitz June 14 Early 2022"]
[White "Martinez Alcantara, Jose Eduardo"]
[Black "Khumalo, Keith"]
[WhiteFideId "3805662"]
[BlackFideId "14319470"]
[WhiteElo "2703"]
[BlackElo "2057"]
[Result "1-0"]
[Round "02"]
[TimeControl "180+1"]
[Date "2022.06.14"]
[WhiteClock "0:02:24"]
[BlackClock "0:02:43"]

1. e4 c5 2. Nf3 d6 3. Bb5+ Nd7 4. O-O a6 5. Bxd7+ Bxd7 6. c3 Nf6 7. Re1 g6 8. d4 cxd4 9. cxd4 Bg7 10. e5 Nd5 11. exd6 O-O 12. Bg5 f6 13. Qb3 e6 14. Bh4 b5 15. Nc3 Nxc3 16. bxc3 Qb6 17. Bg3 Qc6 18. Rac1 Rfc8 19. h4 h5 20. Nd2 Kh7 21. Ne4 1-0


[Site "https://www.chess.com"]

[Event "Titled Tuesday Blitz June 14 Early 2022"]
[White "Matlakov, Maxim"]
[Black "Bilych, Olexiy"]
[WhiteFideId "4168003"]
[BlackFideId "14156504"]
[WhiteElo "2669"]
[BlackElo "2189"]
[Result "1-0"]
[Round "02"]
[TimeControl "180+1"]
[Date "2022.06.14"]
[WhiteClock "0:02:12"]
[BlackClock "0:01:15"]

1. d4 Nf6 2. Nc3 d5 3. Bf4 c5 4. e4 cxd4 5. Qxd4 Nc6 6. Qa4 dxe4 7. Nb5 Nd5 8. O-O-O e6 9. Nc7+ Nxc7 10. Rxd8+ Kxd8 11. Qxe4 Bd7 12. Nf3 h6 13. Bc4 Kc8 14. Rd1 Be7 15. Ne5 Nxe5 1-0


[Site "https://www.chess.com"]

[Event "Titled Tuesday Blitz June 14 Early 2022"]
[White "Moiseenko, Alexander"]
[Black "Yang, Kaiqi"]
[WhiteFideId "14102560"]
[BlackFideId "8604398"]
[WhiteElo "2577"]
[BlackElo "2373"]
[Result "0-1"]
[Round "02"]
[TimeControl "180+1"]
[Date "2022.06.14"]
[WhiteClock "0:00:02"]
[BlackClock "0:00:15"]

1. d4 d5 2. c4 c6 3. Nc3 Nf6 4. Nf3 e6 5. e3 Nbd7 6. Bd3 dxc4 7. Bxc4 b5 8. Bd3 Bb7 9. e4 b4 10. Na4 Be7 11. e5 Nd5 12. O-O c5 13. dxc5 Nxc5 14. Nxc5 Bxc5 15. Bb5+ Kf8 16. Qe2 Qb6 17. Bd2 h5 18. Rac1 h4 19. h3 Rc8 20. Ng5 Kg8 21. Bd3 Rd8 22. Kh2 a5 23. f4 Ne7 24. Be4 Bd5 25. Bxd5 Rxd5 26. Rc2 Nf5 27. Rfc1 Nd4 28. Qc4 Nxc2 29. Qxc2 Rh5 30. Ne4 Bf8 31. Qd1 Rf5 32. Qe2 Qb5 33. Qxb5 Rxb5 34. Rc8 Rd5 35. Be3 f6 36. Bc5 fxe5 37. fxe5 Rdxe5 38. Bxf8 Rxf8 39. Rc4 Rf4 40. Rc8+ Kh7 41. Nd2 Re2 42. Nc4 Rff2 0-1


[Site "https://www.chess.com"]

[Event "Titled Tuesday Blitz June 14 Early 2022"]
[White "Nakamura, Hikaru"]
[Black "Halkias, Stelios"]
[WhiteFideId "2016192"]
[BlackFideId "4201809"]
[WhiteElo "2850"]
[BlackElo "2453"]
[Result "0-1"]
[Round "02"]
[TimeControl "180+1"]
[Date "2022.06.14"]
[WhiteClock "0:00:08"]
[BlackClock "0:00:11"]

1. Nf3 Nf6 2. b3 g6 3. Bb2 Bg7 4. d4 O-O 5. e3 d6 6. Be2 Nbd7 7. O-O Re8 8. c4 c6 9. b4 a6 10. c5 d5 11. Nc3 e5 12. Nxe5 Nxe5 13. dxe5 Rxe5 14. Na4 Re7 15. Nb6 Rb8 16. a4 Bf5 17. Qd4 Ne8 18. Qd2 Nf6 19. Rfd1 Ne4 20. Qc1 Bxb2 21. Qxb2 Re8 22. Bd3 Qh4 23. Ra2 Qg5 24. Qd4 Re7 25. Re1 Rbe8 26. f3 Nf6 27. f4 Qh4 28. g3 Qh5 29. Bf1 Ng4 30. b5 Rxe3 31. Rxe3 Rxe3 32. bxa6 bxa6 33. Rb2 Be4 34. Nxd5 Rxg3+ 35. Bg2 Qxh2+ 36. Kf1 Bxg2+ 37. Ke1 f6 38. Nxf6+ Nxf6 39. Rb8+ Kg7 40. Rb7+ Kh6 41. Qxf6 Qg1+ 42. Kd2 Qe3+ 43. Kc2 Be4+ 44. Kb2 0-1


[Site "https://www.chess.com"]

[Event "Titled Tuesday Blitz June 14 Early 2022"]
[White "Nazari, Arad"]
[Black "Tan, Zhongyi"]
[WhiteFideId "12577324"]
[BlackFideId "8603642"]
[WhiteElo "2129"]
[BlackElo "2510"]
[Result "0-1"]
[Round "02"]
[TimeControl "180+1"]
[Date "2022.06.14"]
[WhiteClock "0:00:12"]
[BlackClock "0:00:20"]

1. e4 e5 2. Nf3 Nf6 3. Nxe5 d6 4. Nc4 Nxe4 5. Qe2 Qe7 6. Ne3 c6 7. g3 g6 8. Bg2 Bg7 9. O-O Nf6 10. c4 O-O 11. Nc3 Re8 12. Re1 Na6 13. d4 h5 14. a3 Nc7 15. Bd2 Ne6 16. Nc2 Qf8 17. Qf1 Bd7 18. d5 Nc5 19. Rxe8 Rxe8 20. Re1 Bf5 21. Nd4 Bd3 22. Rxe8 Qxe8 23. Qd1 cxd5 24. cxd5 Nfe4 25. Be3 Nxc3 26. bxc3 Be4 27. Bxe4 Nxe4 28. Qd3 a6 29. Nb3 Nxc3 30. Na5 b5 31. Nc6 Kh7 32. Nb4 a5 33. Nc6 b4 34. axb4 a4 35. b5 a3 36. Nb4 Nxb5 37. Qb3 Qe5 38. Nc6 Qb2 39. Kg2 Qxb3 0-1


[Site "https://www.chess.com"]

[Event "Titled Tuesday Blitz June 14 Early 2022"]
[White "Niekras, Dawid"]
[Black "Sjugirov, Sanan"]
[WhiteFideId "1160451"]
[BlackFideId "4189302"]
[WhiteElo "2264"]
[BlackElo "2602"]
[Result "0-1"]
[Round "02"]
[TimeControl "180+1"]
[Date "2022.06.14"]
[WhiteClock "0:00:03"]
[BlackClock "0:00:39"]

1. e4 c6 2. Nf3 d5 3. d3 Nd7 4. Nc3 Ngf6 5. e5 d4 6. exf6 dxc3 7. bxc3 exf6 8. g3 Bd6 9. Bg2 O-O 10. O-O Nb6 11. c4 Na4 12. Be3 Re8 13. Qd2 Bg4 14. Rab1 Qd7 15. Rfe1 Bc5 16. Qa5 Bxe3 17. Rxe3 Rxe3 18. fxe3 Qe7 19. e4 Nc5 20. Qb4 Bxf3 21. Bxf3 Qd6 22. Kg2 b6 23. a4 Qd4 24. a5 Nd7 25. Qb2 Qe3 26. Qc1 Qc5 27. a6 Rd8 28. Qg1 Qa3 29. Qc1 Qxa6 30. Ra1 Qb7 31. Qa3 a5 32. Qe7 Qb8 33. h4 Ne5 34. Rb1 c5 35. Be2 Nc6 0-1


[Site "https://www.chess.com"]

[Event "Titled Tuesday Blitz June 14 Early 2022"]
[White "Papp, Levente"]
[Black "Durarbayli, Vasif"]
[WhiteFideId "751243"]
[BlackFideId "13402935"]
[WhiteElo "2308"]
[BlackElo "2528"]
[Result "0-1"]
[Round "02"]
[TimeControl "180+1"]
[Date "2022.06.14"]
[WhiteClock "0:00:06"]
[BlackClock "0:01:47"]

1. c4 Nf6 2. Nc3 c5 3. g3 e6 4. Nf3 b6 5. Bg2 Bb7 6. O-O Be7 7. Re1 Ne4 8. Nxe4 Bxe4 9. d3 Bb7 10. Qd2 O-O 11. b3 d6 12. Bb2 Nd7 13. Rad1 Qc7 14. Qc1 Rfd8 15. Qa1 Bf8 16. d4 cxd4 17. Nxd4 Bxg2 18. Kxg2 a6 19. e4 Qb7 20. f3 b5 21. Rc1 Ne5 22. cxb5 Nd3 23. a4 d5 24. Rcd1 Nxe1+ 25. Rxe1 dxe4 26. Rxe4 axb5 27. Nxb5 Rd2+ 28. Kh3 Qd5 29. Be5 Qxb3 30. Rg4 Qc2 31. Rxg7+ Bxg7 32. Bxg7 Rxh2+ 33. Kg4 Qf5# 0-1


[Site "https://www.chess.com"]

[Event "Titled Tuesday Blitz June 14 Early 2022"]
[White "Paravyan, David"]
[Black "Starozhilov, Leonid"]
[WhiteFideId "4194985"]
[BlackFideId "14106752"]
[WhiteElo "2569"]
[BlackElo "2414"]
[Result "1-0"]
[Round "02"]
[TimeControl "180+1"]
[Date "2022.06.14"]
[WhiteClock "0:00:23"]
[BlackClock "0:00:08"]

1. e4 Nc6 2. Nf3 d6 3. d4 Nf6 4. c3 g6 5. Bd3 Bg7 6. h3 e5 7. O-O O-O 8. Re1 Re8 9. Nbd2 d5 10. dxe5 Nxe4 11. Nxe4 dxe4 12. Bxe4 Qxd1 13. Rxd1 Nxe5 14. Nxe5 Bxe5 15. Be3 Be6 16. Bxb7 Rab8 17. Bc6 Red8 18. Rxd8+ Rxd8 19. Re1 Bxa2 20. Bxa7 Bf6 21. Re8+ Rxe8 22. Bxe8 Bc4 23. Bc6 Kf8 24. Bc5+ Be7 25. Bd4 Bg5 26. f3 Ke7 27. Be5 Be3+ 28. Kh2 Bc1 29. b4 Bd2 30. Bxc7 Bxc3 31. b5 h5 32. h4 f6 33. f4 Ke6 34. Kg3 Kf5 35. Kf3 Bd2 36. Bd7+ Be6 37. Bc6 Bc4 38. b6 Ba5 39. Be4+ Ke6 40. Bxg6 Bb3 41. Ke2 Bd5 42. g3 Bc4+ 43. Kf2 1-0


[Site "https://www.chess.com"]

[Event "Titled Tuesday Blitz June 14 Early 2022"]
[White "Sadhwani, Raunak"]
[Black "Begmuratov, Khumoyun"]
[WhiteFideId "35093487"]
[BlackFideId "14210207"]
[WhiteElo "2616"]
[BlackElo "1982"]
[Result "1-0"]
[Round "02"]
[TimeControl "180+1"]
[Date "2022.06.14"]
[WhiteClock "0:02:14"]
[BlackClock "0:01:54"]

1. e4 e5 2. Nf3 Nc6 3. Bb5 a6 4. Ba4 Nf6 5. d3 b5 6. Bb3 Bb7 7. Nc3 Bc5 8. Nd5 h6 9. c3 d6 10. Nxf6+ Qxf6 11. Bd5 Rb8 12. a4 O-O 13. g4 Ne7 14. g5 Qg6 15. Bxb7 Rxb7 16. gxh6 Qg2 17. Rf1 f5 18. d4 exd4 19. Rg1 Qh3 20. Rxg7+ Kh8 21. Rxe7 fxe4 22. Rh7+ Kg8 23. Qb3+ 1-0


[Site "https://www.chess.com"]

[Event "Titled Tuesday Blitz June 14 Early 2022"]
[White "Samant Aditya S"]
[Black "Bluebaum, Matthias"]
[WhiteFideId "35080580"]
[BlackFideId "24651516"]
[WhiteElo "1968"]
[BlackElo "2556"]
[Result "0-1"]
[Round "02"]
[TimeControl "180+1"]
[Date "2022.06.14"]
[WhiteClock "0:00:20"]
[BlackClock "0:01:56"]

1. d4 Nf6 2. c4 e6 3. Nc3 d5 4. Nf3 Bb4 5. Qa4+ Nc6 6. e3 O-O 7. Bd2 Qe8 8. Qc2 dxc4 9. Bxc4 e5 10. O-O Bg4 11. Nxe5 Nxe5 12. dxe5 Qxe5 13. f4 Qe7 14. Kh1 Rad8 15. a3 Bxc3 16. Bxc3 Ne4 17. Be5 Bf5 18. Qe2 Kh8 19. b4 Qh4 20. Kg1 Nd2 21. Rfd1 Bg4 22. Qe1 Qxe1+ 23. Rxe1 Nxc4 0-1


[Site "https://www.chess.com"]